Map: [ESL] Cosmic Sapphire

Players

Killermonjas

  • Race: Protoss Protoss
  • Spawn Location: 11:00

Gerald - Winner!

  • Race: Protoss Protoss
  • Spawn Location: 5:00

Event: DreamHack SC2 Masters 2022 Valencia

VOD

Have the link to the VOD?

Description

Time

  • Played on: July 1, 2022, 2:31 p.m.
  • Length: 6:54

All games in this series

Show
View Real Time Build Order
Export as new Build Order

Killermonjas Protoss 

Build Orders:  

Get SALT Encoding   

  12  0:00  Probe  
  13  0:12  Probe  
  14  0:17  Pylon  
  14  0:24  Probe  
  15  0:36  Gateway  
  15  0:37  Probe (Chrono Boost)  
  16  0:47  Probe (Chrono Boost), Assimilator  
  17  0:52  Probe (Chrono Boost)  
  17  0:55  Assimilator  
  18  1:04  Probe (Chrono Boost)  
  19  1:08  Gateway  
  19  1:16  Probe (Chrono Boost)  
  20  1:24  Probe (Chrono Boost), Cybernetics Core  
  21  1:32  Pylon  
  21  1:37  Probe  
  22  1:49  Probe  
  23  2:01  Probe  
  23  2:04  Stalker x2, Warp Gate  
  28  2:13  Probe  
  29  2:23  Pylon  
  29  2:25  Probe  
  29  2:28  Pylon  
  30  2:40  Robotics Facility  
  30  2:47  Stalker x2  
  31  3:29  Immortal (Chrono Boost)  
  35  3:35  Pylon, Probe  
  35  3:39  Nexus  
  36  3:44  Pylon  
  36  3:47  Probe  
  37  3:54  Sentry  
  37  3:55  Sentry  
  41  4:00  Probe  
  41  4:01  Observer (Chrono Boost)  
  43  4:04  Gateway  
  43  4:12  Probe  
  44  4:20  Warp Prism (Chrono Boost)  
  46  4:26  Probe  
  46  4:28  Phoenix  
  46  4:38  Probe  
  47  4:45  Pylon  
  47  4:50  Sentry, Probe  
  45  5:02  Probe x2  
  40  5:10  Stalker x2  
  39  5:18  Shield Battery  
  39  5:26  Stalker  
  39  5:42  Stalker x2  
  41  5:56  Probe x2  
  43  5:57  Sentry  
  43  6:03  Sentry  
  47  6:04  Sentry  
  51  6:13  Stalker  
  51  6:19  Stalker  
  51  6:20  Stalker  
  53  6:35  Adept  
Show
View Real Time Build Order
Export as new Build Order

Gerald Protoss - Winner!

Build Orders: Oracle Opening 

Get SALT Encoding   

  12  0:00  Probe  
  13  0:12  Probe  
  14  0:17  Pylon  
  14  0:24  Probe  
  15  0:36  Gateway  
  15  0:37  Probe (Chrono Boost)  
  16  0:43  Assimilator  
  16  0:46  Probe (Chrono Boost)  
  17  0:52  Probe  
  17  0:55  Assimilator  
  18  1:04  Probe (Chrono Boost)  
  19  1:08  Gateway  
  19  1:13  Probe (Chrono Boost)  
  20  1:18  Probe (Chrono Boost)  
  21  1:26  Cybernetics Core  
  21  1:30  Probe  
  22  1:35  Pylon  
  22  1:42  Probe  
  23  1:54  Probe  
  24  2:02  Stalker  
  24  2:03  Stalker, Warp Gate  
  24  2:07  Probe  
  29  2:21  Pylon  
  29  2:23  Probe  
  29  2:28  Pylon  
  30  2:33  Stargate  
  30  2:39  Stalker  
  32  2:45  Stalker  
  32  2:48  Probe  
  35  3:03  Probe  
  36  3:13  Nexus  
  36  3:23  Oracle (Chrono Boost)  
  36  3:24  Probe  
  36  3:31  Shield Battery  
  36  3:33  Shield Battery  
  36  3:38  Pylon  
  36  3:41  Probe  
  37  3:54  Probe  
  38  3:56  Oracle (Chrono Boost)  
  38  4:02  Twilight Council  
  41  4:07  Probe  
  42  4:10  Stalker  
  44  4:19  Probe  
  45  4:30  Probe  
  46  4:33  Probe  
  46  4:34  Adept x2  
  51  4:42  Probe, Blink (Chrono Boost)  
  51  4:45  Probe  
  53  4:51  Pylon  
  53  5:04  Probe  
  53  5:05  Probe  
  55  5:10  Gateway  
  55  5:11  Pylon  
  55  5:15  Stalker x2  
  55  5:16  Probe  
  55  5:17  Assimilator  
  55  5:18  Pylon  
  60  5:22  Probe  
  60  5:24  Forge  
  60  5:28  Probe  
  62  5:34  Probe  
  61  5:41  Nexus  
  59  5:51  Stalker  
  59  5:52  Stalker  
  60  5:59  Probe  
  60  6:02  Pylon  
  61  6:08  Stalker  
  61  6:10  Shield Battery  
  63  6:18  Stalker x2  
  67  6:24  Gateway  
  67  6:26  Probe  
  67  6:27  Assimilator  
  67  6:35  Stalker  
  67  6:37  Pylon  
  69  6:40  Robotics Facility  
  69  6:43  Stalker x2  

Tags
 
Add a new tag
Caveats
  • Supply blocks, unpowered buildings, or Contaminate may cause inaccurate times.
  • Supply counts are checked every 10 seconds.